MID
LAKE COUNTY CAPTAINS @ GREENVILLE DRIVE
07/24/2048
 
TOP OF THE 1ST
Lake County Captains batting - Pitching for Greenville Drive : RHP Cody Humphries
Pitching: RHP Cody Humphries
Batting: RHB George Wagner 0-0: Ball
1-0: Swinging Strike
1-1: Called Strike
1-2: Foul Ball, location: 2F
1-2: Foul Ball, location: 2F
1-2: Strikes out swinging
Batting: RHB Steve Gusman 0-0: Called Strike
0-1: Foul Ball, location: 2F
0-2: Ball
1-2: Ball
2-2: Ball
3-2: Fly out, F9 (Flyball, 9, EV 89.4 MPH)
Batting: LHB Jeff Palmowski 0-0: Called Strike
0-1: Ball
1-1: Called Strike
1-2: Foul Ball, location: 2F
1-2: Foul Ball, location: 2F
1-2: Fly out, F8 (Flyball, 78D, EV 83.8 MPH)
Top of the 1st over - 0 runs, 0 hits, 0 errors, 0 left on base; Lake County 0 - Greenville 0
BOTTOM OF THE 1ST
Greenville Drive batting - Pitching for Lake County Captains : RHP Jose Esteban
Pitching: RHP Jose Esteban
Batting: LHB John Buff 0-0: Called Strike
0-1: Fly out, F9 (Line Drive, 9S, EV 89.4 MPH)
Batting: LHB Danny Montoya 0-0: Ball
1-0: Foul Ball, location: 2F
1-1: Ball
2-1: Fly out, F7 (Line Drive, 78M, EV 85.6 MPH)
Batting: RHB Alex Cardenas 0-0: Called Strike
0-1: Ball
1-1: Foul Ball, location: 2F
1-2: Foul Ball, location: 2F
1-2: Ball
2-2: Ball
3-2: Base on Balls
Batting: RHB Tony Nunez 0-0: Called Strike
0-1: Ball
1-1: Ball
2-1: Swinging Strike
2-2: Foul Ball, location: 2F
2-2: Foul Ball, location: 2F
2-2: SINGLE (Line Drive, 9LS, EV 105.6 MPH)
Alex Cardenas to second
Runner from 2nd tries for 3rd, SAFE, throw by RF made to third
Batting: RHB Bobby Schimke 0-0: Called Strike
0-1: Ball
Tony Nunez steals 2nd, throwing error, E2
Alex Cardenas scores
Tony Nunez to third
1-1: Ball
2-1: Foul Ball, location: 2F
2-2: Ball
3-2: Strikes out swinging
Bottom of the 1st over - 1 run, 1 hit, 1 error, 1 left on base; Lake County 0 - Greenville 1
TOP OF THE 2ND
Lake County Captains batting - Pitching for Greenville Drive : RHP Cody Humphries
Batting: RHB Josh Patterson 0-0: Ball
1-0: Ball
2-0: Called Strike
2-1: Called Strike
2-2: Hit by Pitch
Batting: LHB Aaron Caron 0-0: DOUBLE (Groundball, 3L, EV 102.5 MPH)
Josh Patterson to third
Batting: LHB Brandon Hopper 0-0: Called Strike
0-1: Ball
1-1: Called Strike
1-2: Fly out, F5 (Popup, 56S, EV 71.9 MPH)
Batting: RHB Chris Diaz 0-0: Ball
1-0: SINGLE (Line Drive, 34D, EV 111.2 MPH)
Josh Patterson scores
Aaron Caron to third
Batting: LHB Rich Walker 0-0: Ball
1-0: Called Strike
1-1: Called Strike
1-2: Strikes out looking
Chris Diaz steals 2nd, throwing error, E2
Aaron Caron scores
Chris Diaz to third
Batting: RHB Jeremy Givens 0-0: Called Strike
0-1: Ball
1-1: Swinging Strike
1-2: Ball
2-2: Strikes out swinging
Top of the 2nd over - 2 runs, 2 hits, 1 error, 1 left on base; Lake County 2 - Greenville 1
BOTTOM OF THE 2ND
Greenville Drive batting - Pitching for Lake County Captains : RHP Jose Esteban
Batting: RHB Scott Hawkins 0-0: SINGLE (Groundball, 34D, EV 100.0 MPH)
Batting: RHB Ted Emmerich 0-0: Ball
1-0: Called Strike
1-1: Foul Ball, location: 2F
1-2: Foul Ball, location: 2F
1-2: Ball
2-2: Grounds into double play, 5-4-3 (Groundball, 56, EV 90.0 MPH)
Batting: RHB Paul Long 0-0: DOUBLE (Flyball, 8RXD, EV 103.1 MPH)
Batting: RHB Roger Mitchell 0-0: Foul Ball, location: 2F
0-1: Ball
1-1: Ball
2-1: Ball
3-1: DOUBLE (Flyball, 9LD, EV 110.6 MPH)
Paul Long scores
Batting: LHB John Buff 0-0: Ball
1-0: Called Strike
1-1: Ball
2-1: Foul Ball, location: 2F
2-2: Strikes out swinging
Bottom of the 2nd over - 1 run, 3 hits, 0 errors, 1 left on base; Lake County 2 - Greenville 2
TOP OF THE 3RD
Lake County Captains batting - Pitching for Greenville Drive : RHP Cody Humphries
Batting: RHB George Wagner 0-0: Ball
1-0: Fly out, F4 (Popup, 34S, EV 84.4 MPH)
Batting: RHB Steve Gusman 0-0: Called Strike
0-1: Foul Ball, location: 2F
0-2: Strikes out swinging
Batting: LHB Jeff Palmowski 0-0: Called Strike
0-1: Ball
1-1: Swinging Strike
1-2: Foul Ball, location: 2F
1-2: Ball
2-2: Ball
3-2: Ground out 4-3 (Groundball, 4, EV 83.8 MPH)
Top of the 3rd over - 0 runs, 0 hits, 0 errors, 0 left on base; Lake County 2 - Greenville 2
BOTTOM OF THE 3RD
Greenville Drive batting - Pitching for Lake County Captains : RHP Jose Esteban
Batting: LHB Danny Montoya 0-0: Ball
1-0: Ball
2-0: Ball
3-0: Base on Balls
Batting: RHB Alex Cardenas 0-0: Called Strike
0-1: Ball
1-1: Fielders Choice at 2nd, 6-4 (Groundball, 6, EV 104.4 MPH)
Batting: RHB Tony Nunez 0-0: SINGLE (Groundball, 56S, EV 68.8 MPH) (infield hit)
Alex Cardenas to second
Batting: RHB Bobby Schimke 0-0: Called Strike
0-1: Fielders Choice at 2nd, 6-4 (Groundball, 6, EV 86.9 MPH)
Alex Cardenas to third
Batting: RHB Scott Hawkins 0-0: Ball
1-0: Ball
2-0: TRIPLE (Line Drive, 89XD, EV 111.9 MPH)
Alex Cardenas scores
Bobby Schimke scores
Batting: RHB Ted Emmerich 0-0: Ball
1-0: Ball
2-0: Ground out 4-3 (Groundball, 4, EV 86.9 MPH)
Bottom of the 3rd over - 2 runs, 2 hits, 0 errors, 1 left on base; Lake County 2 - Greenville 4
TOP OF THE 4TH
Lake County Captains batting - Pitching for Greenville Drive : RHP Cody Humphries
Batting: RHB Josh Patterson 0-0: Called Strike
0-1: Foul Ball, location: 2F
0-2: Foul Ball, location: 2F
0-2: Ground out 6-3 (Groundball, 6S, EV 66.9 MPH)
Batting: LHB Aaron Caron 0-0: Foul Ball, location: 2F
0-1: Ball
1-1: Ball
2-1: Foul Ball, location: 2F
2-2: Strikes out swinging
Batting: LHB Brandon Hopper 0-0: Fly out, F8 (Flyball, 8RD, EV 106.9 MPH)
Top of the 4th over - 0 runs, 0 hits, 0 errors, 0 left on base; Lake County 2 - Greenville 4
BOTTOM OF THE 4TH
Greenville Drive batting - Pitching for Lake County Captains : RHP Jose Esteban
Batting: RHB Paul Long 0-0: Fly out, F8 (Line Drive, 89D, EV 91.2 MPH)
Batting: RHB Roger Mitchell 0-0: Ball
1-0: Foul Ball, location: 2F
1-1: Ball
2-1: Called Strike
2-2: Fly out, F8 (Flyball, 8RD, EV 98.8 MPH)
Batting: LHB John Buff 0-0: Called Strike
0-1: Ground out 1-3 (Groundball, 13S, EV 74.4 MPH)
Bottom of the 4th over - 0 runs, 0 hits, 0 errors, 0 left on base; Lake County 2 - Greenville 4
TOP OF THE 5TH
Lake County Captains batting - Pitching for Greenville Drive : RHP Cody Humphries
Batting: RHB Chris Diaz 0-0: Ball
1-0: Swinging Strike
1-1: Ball
2-1: DOUBLE (Line Drive, 3D, EV 99.4 MPH)
Batting: LHB Rich Walker 0-0: Ball
Chris Diaz steals 3rd base
1-0: Ball
2-0: Swinging Strike
2-1: Fly out, F9 (Flyball, 9D, EV 87.5 MPH)
Runner from 3rd tags up, SCORES, no throw by RF
Batting: RHB Jeremy Givens 0-0: Ball
1-0: Swinging Strike
1-1: Swinging Strike
1-2: Strikes out swinging
Batting: RHB George Wagner 0-0: Ground out 6-3 (Groundball, 6MS, EV 69.4 MPH)
Top of the 5th over - 1 run, 1 hit, 0 errors, 0 left on base; Lake County 3 - Greenville 4
BOTTOM OF THE 5TH
Greenville Drive batting - Pitching for Lake County Captains : RHP Jose Esteban
Batting: LHB Danny Montoya 0-0: Ball
1-0: Ball
2-0: Foul Ball, location: 2F
2-1: Ball
3-1: Base on Balls
Batting: RHB Alex Cardenas 0-0: Ball
1-0: Foul Ball, location: 2F
1-1: Ball
2-1: Foul Ball, location: 2F
2-2: Ball
3-2: Base on Balls
Danny Montoya to second
Batting: RHB Tony Nunez 0-0: Reached on error, E6 (Groundball, 6S, EV 82.5 MPH)
Danny Montoya to third
Alex Cardenas to second
Batting: RHB Bobby Schimke 0-0: SINGLE (Groundball, 56S, EV 73.8 MPH) (infield hit)
Danny Montoya scores
Alex Cardenas to third
Tony Nunez to second
Pitching: RHP Jon Samer
Batting: RHB Scott Hawkins 0-0: Called Strike
0-1: Fielders Choice at 3rd, U5 (Groundball, 5L, EV 101.9 MPH)
Alex Cardenas scores
Bobby Schimke to second
Batting: RHB Ted Emmerich 0-0: SINGLE (Groundball, 34D, EV 97.5 MPH)
Bobby Schimke to third
Scott Hawkins to second
Batting: RHB Paul Long 0-0: Called Strike
0-1: Called Strike
0-2: Strikes out swinging
Batting: RHB Roger Mitchell 0-0: Called Strike
0-1: Called Strike
0-2: Foul Ball, location: 2F
0-2: Foul Ball, location: 2F
0-2: Ball
Wild Pitch!
Bobby Schimke scores
Scott Hawkins to third
Ted Emmerich to second
1-2: Ball
2-2: Ball
3-2: Strikes out looking
Bottom of the 5th over - 3 runs, 2 hits, 1 error, 2 left on base; Lake County 3 - Greenville 7
TOP OF THE 6TH
Lake County Captains batting - Pitching for Greenville Drive : RHP Cody Humphries
Batting: RHB Steve Gusman 0-0: Called Strike
0-1: Ball
1-1: DOUBLE (Groundball, 5L, EV 106.2 MPH)
Batting: LHB Jeff Palmowski 0-0: Ball
1-0: Called Strike
1-1: Foul Ball, location: 2F
1-2: Strikes out swinging
Batting: RHB Josh Patterson 0-0: Ball
Wild Pitch!
Steve Gusman to third
1-0: Called Strike
1-1: Ball
2-1: Foul Ball, location: 2F
2-2: Strikes out swinging
Batting: LHB Aaron Caron 0-0: Ball
1-0: Ball
2-0: Ball
3-0: Called Strike
3-1: SINGLE (Groundball, 6S, EV 63.8 MPH) (infield hit)
Steve Gusman scores
Pitching: RHP Jon Olivo
Batting: LHB Brandon Hopper 0-0: Called Strike
0-1: Ball
1-1: Hit by Pitch
Aaron Caron to second
Pinch Hitting: LHB Ben Rubenacker 0-0: Ground out 4-3 (Groundball, 4, EV 101.2 MPH)
Top of the 6th over - 1 run, 2 hits, 0 errors, 2 left on base; Lake County 4 - Greenville 7
BOTTOM OF THE 6TH
Greenville Drive batting - Pitching for Lake County Captains : RHP Jon Samer
Now at 1B: Ben Rubenacker
Now at 3B: Josh Patterson
Batting: LHB John Buff 0-0: Called Strike
0-1: Ball
1-1: Ball
2-1: Ball
3-1: Called Strike
3-2: Foul Ball, location: 2F
3-2: Foul Ball, location: 2F
3-2: Strikes out swinging
Batting: LHB Danny Montoya 0-0: SINGLE (Groundball, 4MS, EV 73.1 MPH) (infield hit)
Batting: RHB Alex Cardenas 0-0: Ball
Danny Montoya is caught stealing 2nd base 2-4
1-0: Ball
2-0: Called Strike
2-1: Ground out 6-3 (Groundball, 6MD, EV 88.8 MPH)
Bottom of the 6th over - 0 runs, 1 hit, 0 errors, 0 left on base; Lake County 4 - Greenville 7
TOP OF THE 7TH
Lake County Captains batting - Pitching for Greenville Drive : RHP Jon Olivo
Batting: LHB Rich Walker 0-0: DOUBLE (Flyball, 89D, EV 103.8 MPH)
Pinch Hitting: LHB Devon Grant 0-0: Called Strike
0-1: Ball
1-1: Foul Ball, location: 2F
1-2: Foul Ball, location: 2F
1-2: Strikes out swinging
Pinch Hitting: SHB Travis Burnett 0-0: Called Strike
Rich Walker steals 3rd base
0-1: Called Strike
0-2: Foul Ball, location: 2F
0-2: Fly out, F7 (Line Drive, 7, EV 95.0 MPH)
Batting: RHB Steve Gusman 0-0: Ball
1-0: Ball
2-0: Ball
3-0: Base on Balls
Batting: LHB Jeff Palmowski 0-0: Foul Ball, location: 2F
0-1: Foul Ball, location: 2F
0-2: Ball
Wild Pitch!
Rich Walker scores
Steve Gusman to second
1-2: Strikes out swinging
Top of the 7th over - 1 run, 1 hit, 0 errors, 1 left on base; Lake County 5 - Greenville 7
BOTTOM OF THE 7TH
Greenville Drive batting - Pitching for Lake County Captains : RHP Jon Samer
Now at SS: John Bianconi
Now in CF: Devon Grant
Batting: RHB Tony Nunez 0-0: Ball
1-0: Swinging Strike
1-1: Fly out, F9 (Line Drive, 89S, EV 85.0 MPH)
Batting: RHB Bobby Schimke 0-0: Ground out 5-3 (Groundball, 56, EV 88.1 MPH)
Batting: RHB Scott Hawkins 0-0: Called Strike
0-1: Swinging Strike
0-2: Foul Ball, location: 2F
0-2: Ground out U3 (Groundball, 3, EV 95.6 MPH)
Bottom of the 7th over - 0 runs, 0 hits, 0 errors, 0 left on base; Lake County 5 - Greenville 7
TOP OF THE 8TH
Lake County Captains batting - Pitching for Greenville Drive : RHP Jon Olivo
Now at 2B: Bobby Schimke
Now at 3B: Roger Mitchell
Now at SS: Adugna Chandu
Batting: RHB Josh Patterson 0-0: Called Strike
0-1: Foul Ball, location: 2F
0-2: Ground out U3 (Groundball, 34, EV 109.4 MPH)
Batting: LHB Aaron Caron 0-0: Called Strike
0-1: Swinging Strike
0-2: Ground out 5-3 (Groundball, 56, EV 90.0 MPH)
Batting: LHB Brandon Hopper 0-0: Swinging Strike
0-1: SOLO HOME RUN (Flyball, 9D, EV 101.2 MPH), Distance : 385 ft
Batting: LHB Ben Rubenacker 0-0: Swinging Strike
0-1: Ball
1-1: Ball
2-1: Foul Ball, location: 2F
2-2: Ball
3-2: Base on Balls
Batting: LHB Rich Walker 0-0: Called Strike
0-1: Ball
1-1: Ball
2-1: Foul Ball, location: 2F
2-2: Foul Ball, location: 2F
2-2: Ball
3-2: Fly out, F8 (Line Drive, 8RD, EV 97.5 MPH)
Top of the 8th over - 1 run, 1 hit, 0 errors, 1 left on base; Lake County 6 - Greenville 7
BOTTOM OF THE 8TH
Greenville Drive batting - Pitching for Lake County Captains : RHP Jon Samer
Pitching: LHP Valentin Ciubotariu
Batting: RHB Ted Emmerich 0-0: Ball
1-0: Foul Ball, location: 2F
1-1: SINGLE (Groundball, 56D, EV 101.2 MPH)
Batting: RHB Paul Long 0-0: Ball
1-0: Ball
2-0: Ball
3-0: Called Strike
3-1: Fly out, F8 (Line Drive, 8RM, EV 110.0 MPH)
Batting: RHB Roger Mitchell 0-0: Called Strike
0-1: Ball
1-1: Called Strike
1-2: Strikes out looking
Batting: LHB John Buff Pickoff Throw to First - Out! 1-3 CS
Bottom of the 8th over - 0 runs, 1 hit, 0 errors, 0 left on base; Lake County 6 - Greenville 7
TOP OF THE 9TH
Lake County Captains batting - Pitching for Greenville Drive : RHP Jon Olivo
Pitching: RHP Ross Ratcliffe
Batting: LHB Devon Grant 0-0: Swinging Strike
0-1: Ground out 6-3 (Groundball, 6MD, EV 91.2 MPH)
Pinch Hitting: LHB Vinny Carreno 0-0: Ball
1-0: Called Strike
1-1: Ground out 1-3 (Groundball, P, EV 73.1 MPH)
Batting: RHB Steve Gusman 0-0: Called Strike
0-1: Ball
1-1: Swinging Strike
1-2: Ball
2-2: Ground out 6-3 (Groundball, 6, EV 85.6 MPH)
Top of the 9th over - 0 runs, 0 hits, 0 errors, 0 left on base; Lake County 6 - Greenville 7
Tuesday, March 28th , 2023 - OOTP Baseball 23.10 Build 110